Map: Disco Bloodbath LE

Players

pHARM - Winner!

  • Race: Zerg Zerg
  • League: Platinum
  • Spawn Location: 3:00

Deathstalker

  • Race: Terran Terran
  • League: Platinum
  • Spawn Location: 9:00

VOD

Have the link to the VOD?

Description

Time

  • Played on: Aug. 24, 2019, 9:08 a.m.
  • Length: 22:33
Show
View Real Time Build Order
Export as new Build Order

pHARM Zerg - Winner!

Build Orders: Hatch First, Swarm Host 

Get SALT Encoding   

  12  0:02  Drone  
  13  0:13  Overlord  
  13  0:29  Drone  
  13  0:34  Drone x2  
  16  0:40  Drone  
  17  1:00  Hatchery  
  16  1:08  Drone x2  
  18  1:16  Drone  
  19  1:22  Spawning Pool  
  19  1:25  Drone  
  19  1:35  Drone  
  20  1:48  Extractor  
  20  1:49  Drone  
  20  2:03  Overlord  
  20  2:10  Queen  
  20  2:12  Queen  
  20  2:14  Zergling x4  
  26  2:37  Spine Crawler  
  26  2:40  Drone  
  26  2:41  Drone x4  
  30  2:48  Drone  
  31  2:51  Lair  
  31  2:52  Queen  
  31  2:56  Overlord  
  31  2:57  Drone  
  34  3:14  Drone  
  34  3:15  Drone x2  
  37  3:31  Baneling Nest  
  36  3:35  Drone x7  
  36  3:36  Evolution Chamber  
  36  3:37  Roach Warren  
  41  4:00  Drone x3  
  44  4:04  Extractor  
  44  4:06  Zerg Melee Weapons Level 1, Extractor  
  42  4:13  Drone x2  
  42  4:14  Overlord x2  
  44  4:32  Zergling x14  
  44  4:33  Zergling x6  
  44  4:36  Overlord  
  54  5:19  Centrifical Hooks  
  54  5:22  Metabolic Boost  
  54  5:28  Drone  
  54  5:29  Drone x5  
  60  5:36  Baneling x4  
  60  5:37  Baneling x4  
  60  5:47  Hatchery  
  59  6:16  Zerg Melee Weapons Level 2  
  59  6:44  Hydralisk Den  
  59  6:46  Drone  
  59  6:50  Drone  
  60  7:00  Evolution Chamber  
  59  7:08  Drone  
  59  7:09  Drone x14  
  59  7:11  Overlord x3  
  59  7:14  Grooved Spines  
  74  7:38  Extractor  
  74  7:39  Extractor  
  74  7:43  Hatchery  
  71  7:57  Zerg Ground Armor Level 1  
  71  8:03  Extractor  
  71  8:04  Zergling x2  
  71  8:05  Zergling x34  
  88  8:16  Infestation Pit  
  87  8:40  Drone x11  
  98  8:42  Overlord x2  
  98  8:54  Queen x3  
  104  9:00  Spore Crawler, Spine Crawler  
  102  9:05  Spine Crawler  
  101  9:10  Baneling x11  
  101  9:11  Zergling x2, Baneling x6  
  101  9:12  Zergling x16  
  110  9:52  Roach x5  
  120  9:53  Overlord x6  
  81  10:15  Roach x3  
  81  10:16  Roach x9  
  81  10:19  Zerg Ground Armor Level 2  
  105  10:22  Hive  
  105  10:29  Roach x6  
  117  10:43  Roach  
  117  10:44  Roach x2  
  123  10:50  Overseer x2  
  123  10:51  Overseer, Hatchery  
  123  10:56  Roach  
  140  10:57  Roach x8  
  140  11:09  Glial Reconstitution  
  142  11:11  Roach x6  
  152  11:20  Overlord x3  
  152  11:22  Muscular Augments  
  152  11:29  Zerg Missile Weapons Level 1  
  152  11:42  Spire  
  152  11:43  Swarm Host x6  
  152  11:45  Overlord x2  
  152  11:46  Overlord x2  
  161  12:29  Swarm Host x3  
  161  12:30  Swarm Host x10  
  200  13:01  Greater Spire  
  146  13:41  Swarm Host  
  146  13:42  Swarm Host x21  
  146  13:48  Corruptor x2  
  154  14:08  Corruptor x3  
  160  14:32  Nydus Network  
  159  14:38  Corruptor  
  159  14:39  Corruptor x3  
  159  14:44  Drone x9  
  159  14:45  Drone x9  
  173  15:05  Spine Crawler  
  173  15:06  Spine Crawler x2  
  170  15:07  Spore Crawler  
  170  15:14  Zerg Flyer Armor Level 1  
  169  15:17  Nydus Canal  
  169  15:36  Extractor  
  169  15:39  Extractor  
  167  15:42  Hatchery  
  166  15:58  Nydus Canal  
  164  16:44  Corruptor  
  164  16:45  Corruptor x13  
  192  16:55  Nydus Canal  
  192  17:29  Nydus Canal  
  192  17:53  Overlord x3  
  192  18:01  Zerg Melee Weapons Level 3  
  192  18:02  Zerg Ground Armor Level 3  
  192  18:07  Ultralisk Cavern  
  192  18:09  Nydus Canal  
  191  18:14  Nydus Canal  
  191  18:43  Extractor  
  191  18:46  Extractor  
  189  19:07  Nydus Canal  
  189  19:27  Chitinous Plating  
  189  19:56  Nydus Canal  
  186  20:11  Zerg Flyer Armor Level 2  
  186  20:38  Corruptor  
  186  20:39  Corruptor x6  
  171  21:08  Corruptor  
  171  21:09  Corruptor x16  
Show
View Real Time Build Order
Export as new Build Order

Deathstalker Terran 

Build Orders: 2 Factory, Mech 

Get SALT Encoding   

  12  0:01  SCV  
  13  0:13  SCV  
  14  0:17  Supply Depot  
  14  0:29  SCV  
  15  0:41  Barracks  
  15  0:47  SCV  
  15  0:48  Refinery  
  16  0:58  Refinery  
  16  0:59  SCV  
  17  1:12  SCV  
  18  1:24  SCV  
  19  1:26  Supply Depot  
  20  1:36  Barracks Tech Lab  
  20  1:39  Orbital Command  
  19  1:45  Factory  
  19  1:57  Marine  
  20  2:04  SCV  
  21  2:15  Marine  
  22  2:17  SCV  
  23  2:29  SCV  
  24  2:31  Command Center  
  24  2:34  Factory Tech Lab  
  24  2:38  Marine  
  24  2:41  SCV  
  26  2:53  Factory  
  26  2:56  Siege Tank  
  29  3:04  Supply Depot  
  29  3:07  SCV  
  29  3:08  Marine  
  31  3:26  SCV  
  32  3:32  Siege Tank  
  32  3:33  Marine, Supply Depot  
  36  3:39  Hellion  
  39  3:48  SCV  
  39  4:02  Refinery x2  
  39  4:04  Siege Tank  
  42  4:14  Orbital Command  
  42  4:17  Factory Tech Lab  
  42  4:24  Starport  
  42  4:26  SCV  
  46  4:38  Siege Tank  
  46  4:59  Siege Tank  
  49  5:00  Engineering Bay  
  49  5:01  SCV  
  49  5:02  SCV  
  51  5:10  Cyclone  
  51  5:13  SCV  
  51  5:14  SCV  
  56  5:17  Armory  
  56  5:19  Armory  
  56  5:23  Starport Tech Lab  
  56  5:26  SCV  
  57  5:31  Cyclone  
  60  5:36  SCV  
  60  5:38  SCV  
  60  5:40  Missile Turret  
  62  5:49  Missile Turret  
  62  6:00  Supply Depot  
  62  6:04  Liberator, Supply Depot  
  62  6:05  Terran Vehicle Weapons Level 1  
  62  6:06  Terran Vehicle And Ship Armor Level 1  
  62  6:21  SCV x2  
  62  6:23  Starport  
  67  6:27  Missile Turret  
  67  6:28  Siege Tank  
  70  6:34  Cyclone  
  70  6:37  SCV  
  70  6:39  SCV  
  75  6:51  SCV x2  
  77  7:03  SCV  
  77  7:05  Supply Depot  
  78  7:11  Supply Depot  
  78  7:13  Starport Reactor  
  78  7:16  Liberator  
  78  7:18  Missile Turret  
  78  7:23  Supply Depot  
  78  7:26  SCV x2, Thor  
  89  7:38  SCV x2  
  91  7:45  Thor, Sensor Tower  
  91  7:48  Infernal Pre-Igniter  
  91  7:50  SCV  
  98  8:02  Mag-Field Accelerator  
  98  8:04  SCV x2  
  100  8:07  Viking  
  102  8:19  Command Center  
  102  8:33  Marine, Viking x2  
  107  8:34  Terran Vehicle Weapons Level 2, Supply Depot  
  107  8:35  Supply Depot  
  107  8:41  Hellion  
  109  8:50  Command Center, Terran Vehicle And Ship Armor Level 2  
  109  8:56  Hellion  
  111  9:21  Siege Tank x2  
  117  9:25  Viking  
  117  9:27  SCV x2  
  121  10:02  Siege Tank  
  121  10:03  Siege Tank  
  111  10:18  Orbital Command x2  
  111  10:35  Hellbat x2  
  115  10:40  Command Center  
  115  10:41  SCV x2  
  117  10:43  Command Center  
  117  10:50  Command Center  
  117  10:56  Thor, Hellbat  
  125  11:18  Hellbat  
  127  11:30  SCV x3  
  127  11:31  SCV  
  131  11:33  Terran Vehicle Weapons Level 3  
  131  11:34  Terran Vehicle And Ship Armor Level 3  
  131  11:36  Viking  
  131  11:38  Viking  
  131  11:39  Hellbat x2  
  139  12:00  Siege Tank x2  
  145  12:17  Orbital Command  
  145  12:21  Refinery x2  
  145  12:22  Orbital Command  
  145  12:32  Refinery, Hellbat  
  145  12:33  Hellbat, Refinery  
  146  12:38  Command Center  
  146  13:04  Orbital Command  
  110  13:39  Siege Tank x2  
  99  13:43  Liberator x3  
  76  14:06  Factory  
  76  14:10  Factory  
  76  14:11  Siege Tank x2  
  76  14:15  Factory  
  82  14:18  Planetary Fortress  
  79  14:36  Marine  
  74  14:43  Siege Tank, Viking x3  
  74  14:44  SCV x7  
  79  14:54  Marine  
  80  15:04  Factory Tech Lab  
  80  15:05  Factory Tech Lab x2  
  80  15:09  Starport  
  80  15:11  Starport  
  80  15:12  Starport  
  80  15:13  Viking  
  82  15:18  Starport  
  82  15:32  Refinery x2  
  82  15:39  Siege Tank x3  
  94  15:45  Fusion Core  
  94  15:59  Starport Tech Lab x5  
  83  16:34  Thor x4  
  104  16:48  Refinery  
  104  16:49  Battlecruiser  
  122  17:22  Battlecruiser  
  122  17:35  Battlecruiser  
  122  17:37  Refinery  
  122  18:14  Supply Depot, Battlecruiser  
  122  18:18  Weapon Refit  
  128  18:25  Starport  
  128  18:36  Battlecruiser  
  134  18:42  Terran Ship Weapons Level 1  
  134  18:58  Battlecruiser  
  130  19:04  Starport Tech Lab  
  115  20:17  Starport Tech Lab  
  113  21:10  Battlecruiser x2  
  83  21:20  Thor  
  83  21:21  Factory Tech Lab  
Tags
 
Add a new tag
Caveats
  • Supply blocks, unpowered buildings, or Contaminate may cause inaccurate times.
  • Supply counts are checked every 10 seconds.